Workbook
Name agee: 'Collage normal(F2)'!$G$3:$G$30
Name base: 'Base des biens'!$B$3:$F$31
Name prix: 'Base des biens'!$E$4:$E$31

Sheet Base des biens
B3: Code actif | C3: Désignation | D3: Date d'achat | E3: Prix d'achat | F3: Durée d'amortissment
B4: =IF(C4="","",1) -> 1 | C4: Frais de contitution | D4: 42036 | E4: 1250 | F4: 3
B5: =IF(C5="","",B4+1) -> 2 | C5: Frais préalable au démarage | D5: 42037 | E5: 1300 | F5: 4
B6: =IF(C6="","",B5+1) -> 3 | C6: Frais d'augmentation du capital | D6: 42038 | E6: 1350 | F6: 3
B7: =IF(C7="","",B6+1) -> 4 | C7: Frais sur opérations de fusions ,scissions et transformations | D7: 42039 | E7: 1400 | F7: 5
B8: =IF(C8="","",B7+1) -> 5 | C8: Terrains | D8: 42040 | E8: 1450 | F8: 4
B9: =IF(C9="","",B8+1) -> 6 | C9: Matériel de transport | D9: 42041 | E9: 1500 | F9: 7
B10: =IF(C10="","",B9+1) -> 7 | C10: Mobilier de bureau | D10: 42042 | E10: 1550 | F10: 8
B11: =IF(C11="","",B10+1) -> 8 | C11: Batiments | D11: 42043 | E11: 1600 | F11: 9
B12: =IF(C12="","",B11+1) -> 9 | C12: Autres immobilisations corporelles | D12: 42044 | E12: 1650 | F12: 10
B13: =IF(C13="","",B12+1) -> 10 | C13: Immobilisation en recherche et développeent | D13: 42045 | E13: 1700 | F13: 11
B14: =IF(C14="","",B13+1) -> 11 | C14: Brevets,marques,droits et valeurs similaires | D14: 42046 | E14: 1750 | F14: 12
B15: =IF(C15="","",B14+1) -> 12 | C15: Fonds commercial | D15: 42047 | E15: 1800 | F15: 13
B16: =IF(C16="","",B15+1) -> 13 | C16: Immobilisations incorporelles en cours | D16: 42048 | E16: 1850 | F16: 3
... B31: =IF(C31="","",B30+1) -> 28 | C31: Outillage | D31: 42063 | E31: 2600 | F31: 22

Sheet Collage normal(F2)
B2: Code actif | C2: Désignation | D2: Date d'achat | E2: Prix d'achat | F2: Durée d'amortissment | G2: age du bien
B3: =IF(C3="","",1) -> 1 | C3: Frais de constitution | D3: 40210 | E3: 1250 | F3: 3 | G3: =DATEDIF(D3,TODAY(),"y") -> 8
B4: =IF(C4="","",B3+1) -> 2 | C4: Frais préalable au démarage | D4: 40576 | E4: 1300 | F4: 4 | G4: =DATEDIF(D4,TODAY(),"y") -> 7
B5: =IF(C5="","",B4+1) -> 3 | C5: Frais d'augmentation du capital | D5: 40942 | E5: 1350 | F5: 3 | G5: =DATEDIF(D5,TODAY(),"y") -> 6
B6: =IF(C6="","",B5+1) -> 4 | C6: Frais sur opérations de fusions ,scissions et transformations | D6: 41309 | E6: 1400 | F6: 5 | G6: =DATEDIF(D6,TODAY(),"y") -> 5
B7: =IF(C7="","",B6+1) -> 5 | C7: Terrains | D7: 41675 | E7: 1450 | F7: 4 | G7: =DATEDIF(D7,TODAY(),"y") -> 4
B8: =IF(C8="","",B7+1) -> 6 | C8: Matériel de transport | D8: 42041 | E8: 1500 | F8: 7 | G8: =DATEDIF(D8,TODAY(),"y") -> 3
B9: =IF(C9="","",B8+1) -> 7 | C9: Mobilier de bureau | D9: 42407 | E9: 1550 | F9: 8 | G9: =DATEDIF(D9,TODAY(),"y") -> 2
B10: =IF(C10="","",B9+1) -> 8 | C10: Batiments | D10: 42043 | E10: 1600 | F10: 9 | G10: =DATEDIF(D10,TODAY(),"y") -> 3
B11: =IF(C11="","",B10+1) -> 9 | C11: Autres immobilisations corporelles | D11: 42044 | E11: 1650 | F11: 10 | G11: =DATEDIF(D11,TODAY(),"y") -> 3
B12: =IF(C12="","",B11+1) -> 10 | C12: Immobilisation en recherche et développeent | D12: 42045 | E12: 1700 | F12: 11 | G12: =DATEDIF(D12,TODAY(),"y") -> 3
B13: =IF(C13="","",B12+1) -> 11 | C13: Brevets,marques,droits et valeurs similaires | D13: 42046 | E13: 1750 | F13: 12 | G13: =DATEDIF(D13,TODAY(),"y") -> 3
B14: =IF(C14="","",B13+1) -> 12 | C14: Fonds commercial | D14: 42047 | E14: 1800 | F14: 13 | G14: =DATEDIF(D14,TODAY(),"y") -> 3
B15: =IF(C15="","",B14+1) -> 13 | C15: Immobilisations incorporelles en cours | D15: 42048 | E15: 1850 | F15: 3 | G15: =DATEDIF(D15,TODAY(),"y") -> 3
... B30: =IF(C30="","",B29+1) -> 28 | C30: Outillage | D30: 42063 | E30: 2600 | F30: 22 | G30: =DATEDIF(D30,TODAY(),"y") -> 3

Sheet Feuil2
B3: Somme | C3: =SUM(prix) -> 53900
B4: Moyenne | C4: =AVERAGE(prix) -> 1925
B5: Plus grand | C5: =MAX(prix) -> 2600
B6: Plus petit | C6: =MIN(prix) -> 1250
B8: Somme et moyenne des prix d achat des biens dont l'age dépasse 5ans
B9: Somme et moyenne des prix d achat des biens dont l'age dépasse 5ans | C9: =SUMIF(agee,">5",prix) -> 3900
B10: Moyenne | C10: =AVERAGEIF(agee,">5",prix) -> 1300

Sheet Collage avec liaison
B2: ='Base des biens'!B3 -> Code actif | C2: ='Base des biens'!C3 -> Désignation | D2: ='Base des biens'!D3 -> Date d'achat | E2: ='Base des biens'!E3 -> Prix d'achat | F2: ='Base des biens'!F3 -> Durée d'amortissment
B3: ='Base des biens'!B4 -> 1 | C3: ='Base des biens'!C4 -> Frais de contitution | D3: ='Base des biens'!D4 -> 42036 | E3: ='Base des biens'!E4 -> 1250 | F3: ='Base des biens'!F4 -> 3
B4: ='Base des biens'!B5 -> 2 | C4: ='Base des biens'!C5 -> Frais préalable au démarage | D4: ='Base des biens'!D5 -> 42037 | E4: ='Base des biens'!E5 -> 1300 | F4: ='Base des biens'!F5 -> 4
B5: ='Base des biens'!B6 -> 3 | C5: ='Base des biens'!C6 -> Frais d'augmentation du capital | D5: ='Base des biens'!D6 -> 42038 | E5: ='Base des biens'!E6 -> 1350 | F5: ='Base des biens'!F6 -> 3
B6: ='Base des biens'!B7 -> 4 | C6: ='Base des biens'!C7 -> Frais sur opérations de fusions ,scissions et transformations | D6: ='Base des biens'!D7 -> 42039 | E6: ='Base des biens'!E7 -> 1400 | F6: ='Base des biens'!F7 -> 5
B7: ='Base des biens'!B8 -> 5 | C7: ='Base des biens'!C8 -> Terrains | D7: ='Base des biens'!D8 -> 42040 | E7: ='Base des biens'!E8 -> 1450 | F7: ='Base des biens'!F8 -> 4
B8: ='Base des biens'!B9 -> 6 | C8: ='Base des biens'!C9 -> Matériel de transport | D8: ='Base des biens'!D9 -> 42041 | E8: ='Base des biens'!E9 -> 1500 | F8: ='Base des biens'!F9 -> 7
B9: ='Base des biens'!B10 -> 7 | C9: ='Base des biens'!C10 -> Mobilier de bureau | D9: ='Base des biens'!D10 -> 42042 | E9: ='Base des biens'!E10 -> 1550 | F9: ='Base des biens'!F10 -> 8
B10: ='Base des biens'!B11 -> 8 | C10: ='Base des biens'!C11 -> Batiments | D10: ='Base des biens'!D11 -> 42043 | E10: ='Base des biens'!E11 -> 1600 | F10: ='Base des biens'!F11 -> 9
B11: ='Base des biens'!B12 -> 9 | C11: ='Base des biens'!C12 -> Autres immobilisations corporelles | D11: ='Base des biens'!D12 -> 42044 | E11: ='Base des biens'!E12 -> 1650 | F11: ='Base des biens'!F12 -> 10
B12: ='Base des biens'!B13 -> 10 | C12: ='Base des biens'!C13 -> Immobilisation en recherche et développeent | D12: ='Base des biens'!D13 -> 42045 | E12: ='Base des biens'!E13 -> 1700 | F12: ='Base des biens'!F13 -> 11
B13: ='Base des biens'!B14 -> 11 | C13: ='Base des biens'!C14 -> Brevets,marques,droits et valeurs similaires | D13: ='Base des biens'!D14 -> 42046 | E13: ='Base des biens'!E14 -> 1750 | F13: ='Base des biens'!F14 -> 12
... B30: ='Base des biens'!B31 -> 28 | C30: ='Base des biens'!C31 -> Outillage | D30: ='Base des biens'!D31 -> 42063 | E30: ='Base des biens'!E31 -> 2600 | F30: ='Base des biens'!F31 -> 22

Sheet Collage transposé
A5: Code actif | B5: =IF(B6="","",1) -> 1 | C5: =IF(C6="","",B5+1) -> 2 | D5: =IF(D6="","",C5+1) -> 3 | E5: =IF(E6="","",D5+1) -> 4 | F5: =IF(F6="","",E5+1) -> 5 | G5: =IF(G6="","",F5+1) -> 6 | H5: =IF(H6="","",G5+1) -> 7 | I5: =IF(I6="","",H5+1) -> 8 | J5: =IF(J6="","",I5+1) -> 9 | ... AC5: =IF(AC6="","",AB5+1) -> 28
A6: Désignation | B6: Frais de contitution | C6: Frais préalable au démarage | D6: Frais d'augmentation du capital | E6: Frais sur opérations de fusions ,scissions et transformations | F6: Terrains | G6: Matériel de transport | H6: Mobilier de bureau | I6: Batiments | J6: Autres immobilisations corporelles | K6: Immobilisation en recherche et développeent | L6: Brevets,marques,droits et valeurs similaires | M6: Fonds commercial | N6: Immobilisations incorporelles en cours | O6: Matériel et outillage | P6: Emballages récupérables identifiables | Q6: Matériel informatique | R6: Frais de publicité | S6: Frais de prospection | T6: Autres frais préliminaires | U6: Frais d'acquisition des immobilisations | V6: Frais d'émission des eemprunts | W6: Prime de remboursemment des obligations | X6: Autres charges à répartir | Y6: Autres constructions | Z6: Ouvrages d'infrastructure | AA6: Terrains aménagé | AB6: Construction sur terrain d'autrui | AC6: Outillage
A7: Date d'achat | B7: 42036 | C7: 42037 | D7: 42038 | E7: 42039 | F7: 42040 | G7: 42041 | H7: 42042 | I7: 42043 | J7: 42044 | K7: 42045 | L7: 42046 | M7: 42047 | N7: 42048 | O7: 42049 | P7: 42050 | Q7: 42051 | R7: 42052 | S7: 42053 | T7: 42054 | U7: 42055 | V7: 42056 | W7: 42057 | X7: 42058 | Y7: 42059 | Z7: 42060 | AA7: 42061 | AB7: 42062 | AC7: 42063
A8: Prix d'achat | B8: 1250 | C8: 1300 | D8: 1350 | E8: 1400 | F8: 1450 | G8: 1500 | H8: 1550 | I8: 1600 | J8: 1650 | K8: 1700 | L8: 1750 | M8: 1800 | N8: 1850 | O8: 1900 | P8: 1950 | Q8: 2000 | R8: 2050 | S8: 2100 | T8: 2150 | U8: 2200 | V8: 2250 | W8: 2300 | X8: 2350 | Y8: 2400 | Z8: 2450 | AA8: 2500 | AB8: 2550 | AC8: 2600
A9: Durée d'amortissment | B9: 3 | C9: 4 | D9: 3 | E9: 5 | F9: 4 | G9: 7 | H9: 8 | I9: 9 | J9: 10 | K9: 11 | L9: 12 | M9: 13 | N9: 3 | O9: 14 | P9: 15 | Q9: 16 | R9: 17 | S9: 18 | T9: 19 | U9: 20 | V9: 21 | W9: 22 | X9: 23 | Y9: 24 | Z9: 25 | AA9: 4 | AB9: 3 | AC9: 22

Sheet Amortissement linéaire
F4: No bien | G4: 1
F5: Désignation | G5: =IF($G$4="","",VLOOKUP($G$4,base,2,FALSE)) -> Frais de contitution
F6: Date d'achat | G6: =IF($G$4="","",VLOOKUP($G$4,base,3,FALSE)) -> 42036
F7: Durée | G7: =IF($G$4="","",VLOOKUP($G$4,base,5,FALSE)) -> 3 | I7: Taux | J7: =(100/G7)/100 -> 0.33333333
E10: Année | F10: V.Origine | G10: Taux | H10: Annuité | I10: Cumul des annuités | J10: V.Nette comptable
E11: =IF($G$7>0,YEAR($G$6)) -> 2015 | F11: =IF(E11="","",VLOOKUP($G$4,base,3,FALSE)) -> 42036 | G11: =$J$7 -> 0.33333333 | H11: =F11*G11 -> 14012 | I11: =H11 -> 14012 | J11: =F11-I11 -> 28024
E12: =E11+1 -> 2016 | F12: =IF(E12="","",VLOOKUP($G$4,base,3,FALSE)) -> 42036 | G12: =$J$7 -> 0.33333333 | H12: =F12*G12 -> 14012 | I12: =H12+I11 -> 28024 | J12: =F12-I12 -> 14012
E13: =E12+1 -> 2017 | F13: =IF(E13="","",VLOOKUP($G$4,base,3,FALSE)) -> 42036 | G13: =$J$7 -> 0.33333333 | H13: =F13*G13 -> 14012 | I13: =H13+I12 -> 42036 | J13: =F13-I13 -> 0
E14: =E13+1 -> 2018 | F14: =IF(E14="","",VLOOKUP($G$4,base,3,FALSE)) -> 42036
E15: =E14+1 -> 2019 | F15: =IF(E15="","",VLOOKUP($G$4,base,3,FALSE)) -> 42036
E16: =E15+1 -> 2020 | F16: =IF(E16="","",VLOOKUP($G$4,base,3,FALSE)) -> 42036
E17: =E16+1 -> 2021 | F17: =IF(E17="","",VLOOKUP($G$4,base,3,FALSE)) -> 42036
E18: =E17+1 -> 2022 | F18: =IF(E18="","",VLOOKUP($G$4,base,3,FALSE)) -> 42036
E19: =E18+1 -> 2023 | F19: =IF(E19="","",VLOOKUP($G$4,base,3,FALSE)) -> 42036
